 Dungeon Crawl Stone Soup version 0.30-a0-596-g0af90f9a20 (webtiles) character file.

Game seed: 16506969513095894120

15255 mandoloar the Nimble (level 11, -2/52 HPs)
             Began as a Felid Summoner on Jan 6, 2023.
             Was an Initiate of Gozag.
             Succumbed to Nessos's poison
             ... on level 4 of the Lair of Beasts on Jan 7, 2023.
             The game lasted 01:36:26 (23216 turns).

mandoloar the Nimble (Felid Summoner)              Turns: 23216, Time: 01:36:26

Health: -2/52      AC:  3    Str:  4    XL:     11   Next: 99%
Magic:  18/24      EV: 26    Int: 20    God:    Gozag
Gold:   2609       SH:  5    Dex: 18    Spells: 6/27 levels left
                                        Lives:  0   Deaths: 3

rFire   + . .      SeeInvis +    (weapon unavailable)
rCold   + . .      Faith    .    (shield unavailable)
rNeg    + . .      Spirit   .    (body armour unavailable)
rPois   .          Reflect  +    (helmet unavailable)
rElec   .          Harm     .    (cloak unavailable)
rCorr   .          Rampage  .    (gloves unavailable)
Will    +....                    (boots unavailable)
Stlth   +++++                    b - amulet of reflection
HPRegen 0.28/turn                o - ring of protection from fire
MPRegen 0.19/turn                r - ring of positive energy

@: lethally poisoned (-2 -> -12), quick
A: very small, claws 1, fangs 3, see invisible, speed 1, shaggy fur 3, stealthy
paws, no weapons or thrown items, no armour, multi-lived
a: Renounce Religion, Potion Petition, Call Merchant, Bribe Branch


You were on level 4 of the Lair of Beasts.
You worshipped Gozag.
Gozag was most pleased with you.
You visited 3 branches of the dungeon, and saw 15 of its levels.

You collected 2685 gold pieces.
You paid 76 gold pieces to Gozag.

Inventory:

Jewellery
 b - an amulet of reflection (around neck)
 o - a ring of protection from fire (left paw)
 p - the Hermit's Pendant {Faith Invo=14 Evo=0 MP+5}
   (You found it on level 6 of the Dungeon)

   [amulet of faith]

   It sets your invocations skill to 14 and your evocations skill to 0.
   It allows you to gain divine favour quickly.
   MP:        It affects your magic capacity (+5).
 r - a ring of positive energy (right paw)
 w - a ring of fire
 y - an amulet of guardian spirit
Wands
 i - a wand of digging (11)
 m - a wand of mindburst (11)
 u - a wand of roots (22)
 x - a wand of charming (19)
 D - a wand of flame (7)
Scrolls
 c - 7 scrolls of teleportation
 f - 2 scrolls of immolation
 g - 3 scrolls of identify
 l - 3 scrolls of enchant armour
 t - 3 scrolls of blinking
 A - a scroll of noise
 E - a scroll of magic mapping
Potions
 a - a potion of magic
 d - 2 potions of lignification
 e - 4 potions of cancellation
 h - 12 potions of curing
 j - 2 potions of flight
 k - a potion of haste
 n - 4 potions of attraction
 q - 2 potions of mutation
 s - 2 potions of might
 v - a potion of brilliance
 z - a potion of resistance
 B - 2 potions of ambrosia
 C - a potion of heal wounds


   Skills:
 + Level 8.9 Fighting
 + Level 12.0 Dodging
 - Level 10.0 Stealth
 + Level 8.5 Spellcasting
 - Level 11.9 Hexes
 + Level 9.9 Summonings
 + Level 8.1 Translocations
 + Level 5.7 Air Magic


You had 6 spell levels left.
You knew the following spells:

 Your Spells              Type           Power      Damage    Failure   Level
a - Summon Small Mammal   Summ           100%       N/A       1%          1
b - Call Imp              Summ           48%        N/A       1%          2
c - Call Canine Familiar  Summ           48%        N/A       1%          3
d - Summon Guardian Gole  Hex/Summ       51%        N/A       1%          3
e - Blink                 Tloc           82%        N/A       1%          2
f - Summon Lightning Spi  Summ/Air       39%        N/A       3%          4
g - Summon Cactus Giant   Summ           24%        N/A       22%         6

Your spell library contained the following spells:

 Spells                   Type           Power      Damage    Failure   Level
 Ensorcelled Hibernation  Hex/Ice        64%        N/A       1%          2
 Dazzling Flash           Conj/Hex       64%        N/A       1%          3
 Lesser Beckoning         Tloc           82%        N/A       1%          3
 Momentum Strike          Conj/Tloc      48%        3d9       2%          2
 Manifold Assault         Tloc           41%        N/A       2%          4
 Poisonous Vapours        Pois/Air       40%        N/A       3%          2
 Anguish                  Hex/Necr       16%        N/A       7%          4
 Sting                    Tmut/Pois      32%        1d4       9%          1
 Summon Ice Beast         Ice/Summ       28%        N/A       11%         4
 Scorch                   Fire           16%        2d6       12%         2
 Iskenderun's Mystic Bla  Conj/Tloc      24%        2d7       16%         4
 Frozen Ramparts          Ice            16%        1d3       24%         3
 Spider Form              Tmut/Pois      8%         N/A       24%         3
 Dispersal                Tloc           20%        N/A       41%         6
 Flame Wave               Conj/Fire      8%         2d5       63%         4
 Ice Form                 Ice/Tmut       8%         N/A       63%         4
 Olgreb's Toxic Radiance  Pois           8%         N/A       63%         4
 Starburst                Conj/Fire      4%         6d3       100%        6
 Disjunction              Tloc           20%        N/A       100%        8


Dungeon Overview and Level Annotations

Branches:
Dungeon (10/15)            Temple (1/1) D:6            Lair (4/5) D:8
  Swamp (0/4) Lair:3       Spider (0/4) Lair:2        Slime (0/5) Lair:4
    Orc (0/2) D:10

Altars:
Ashenzari
Cheibriados
Dithmenos
Elyvilon
Fedhas
Gozag
Hepliaklqana
Kikubaaqudgha
Makhleb
Nemelex Xobeh
Okawaru
Qazlal
Ru
Sif Muna
Trog
Uskayaw
Vehumet
Xom
Yredelemnul
Zin
The Shining One
Jiyva

Shops:
D:6 *

Annotations:
Lair:4 Nessos


Innate Abilities, Weirdness & Mutations

You have sharp claws.
You have razor-sharp teeth.
You have supernaturally acute eyesight. (SInv)
You cover ground quickly. (Speed+)
Your thick and shaggy fur keeps you warm. (AC +3, rC+)
Your paws help you pounce on unaware monsters.
You are incapable of wielding weapons or throwing items.
You cannot wear armour.
You gain extra lives every three experience levels.


Message History

Nessos wields a +2 longbow of flaming.
It bursts into flame!
Nessos shoots an arrow.
The arrow hits you!
You die...
You are now level 11!
You rejoin the land of the living...
Casting: Call Canine Familiar (safe; 1% risk of failure)
Confirm with . or Enter, or press ? or * to list all spells.
An electric hum fills the air.
Nessos intently looks at you, slowly moving their tail.
Nessos shoots an arrow.
The arrow hits you!! The arrow burns you.
Nessos shoots an arrow.
The arrow hits you!!
* * * LOW HITPOINT WARNING * * *
The arrow burns you.
You are lethally poisoned!
* * * LOW HITPOINT WARNING * * *
* * * LOW HITPOINT WARNING * * *
You feel very sick.
Nessos shoots an arrow.
You reflect the arrow off an invisible shield around you!
The arrow barely misses Nessos.
Nessos shoots an arrow.
You reflect the arrow off an invisible shield around you!
The arrow hits Nessos!
The arrow burns Nessos.
Nessos is poisoned.
You see here a +0 quarterstaff.
* * * LOW HITPOINT WARNING * * *
You feel very sick.
Nessos shoots an arrow.
The arrow hits your lightning spire!! The arrow burns your lightning spire.
Your lightning spire shoots out a bolt of lightning at Nessos!
The bolt of electricity hits Nessos!
* * * LOW HITPOINT WARNING * * *
You feel very sick.
An arrow appears from out of your range of vision.
The arrow hits your lightning spire!!
Your lightning spire is destroyed!
Your lightning spire disappears in a puff of smoke!
Casting: Summon Lightning Spire (dangerous; 3% risk of failure)
Confirm with . or Enter, or press ? or * to list all spells.
A guardian golem appears, shielding your allies.
You die...
Your body crumbles into a pile of gold.

##....................
##.....................
#....P###..#..^........
##...[#P#.#......##....
#..........#....##.##..
###.............##. P..
#..##.........### ...
##..#...........# ..
#...#@9.)......#.#. ..
##...#............. ..
#.)§#♣.♣....♣♣....##
#..#.♣♣.........###
#.....♣.♣...♣...#
##........P.P......
#..........>.......
##....<...P.P......
##.c$..♣.♣...♣...#####


You could see a friendly guardian golem (summoned).

Vanquished Creatures
  Maggie (Lair:1)
  A centaur (D:6)
2 creatures vanquished.

Vanquished Creatures (collateral kills)
  Gastronok (Lair:1)
  Erica (Lair:1)
  2 catoblepae (Lair:3)
  6 death yaks (Lair:2)
  Amaemon (Lair:2)
  A lindwurm (Lair:3)
  A manticore (Lair:3)
  Joseph (Lair:1)
  An orange demon (Lair:2)
  3 cane toads
  2 komodo dragons
  A rime drake (Lair:3)
  A polar bear (Lair:4)
  15 blink frogs
  A centaur simulacrum (D:10)
  Sigmund (D:5)
  A slime creature (D:6)
  A spriggan (Lair:4)
  4 wyverns
  3 basilisks
  6 yaks
  A redback (Lair:2)
  3 vampire mosquitoes (Lair:3)
  6 water moccasins
  3 black bears
  An ice beast (D:7)
  2 orc warriors (D:8)
  2 sky beasts
  An ogre (D:8)
  3 wolves (Lair:4)
  A centaur (D:7)
  A lemure (D:8)
  2 phantoms (D:5)
  2 kobold brigands (D:7)
  6 bullfrogs
  A gnoll sergeant (D:8)
  2 scorpions
  3 wights
  A killer bee (D:10)
  6 howler monkeys
  2 jellies
  2 orc priests
  3 hounds
  A gnoll bouda (D:4)
  An iguana (D:4)
  11 orc wizards
  Ijyb (D:5)
  14 gnolls
  9 adders
  2 shadow imps
  2 worms (D:5)
  26 orcs
  4 bats
  4 endoplasms
  3 giant cockroaches
  6 goblins
  7 hobgoblins
  28 kobolds
  2 quokkas
  11 ball pythons
  2 frilled lizards (D:1)
  5 rats
247 creatures vanquished.

Vanquished Creatures (others)
  A two-headed ogre (D:10)
  Pikel (D:8)
  A manticore (Lair:3)
  2 cane toads
  2 komodo dragons (Lair:1)
  A troll (D:9)
  A hornet (D:9)
  Grinder (D:5)
  A blink frog (Lair:2)
  A wyvern (D:8)
  A wraith (D:10)
  17 yaks
  2 vampire mosquitoes
  Menkaure (D:5)
  A water moccasin (D:6)
  2 ice beasts
  An orc warrior (D:6)
  3 centaurs
  A lemure (D:8)
  2 kobold brigands (D:9)
  A bullfrog (Lair:2)
  A gnoll sergeant (D:10)
  A necrophage (D:7)
  5 wights
  5 killer bees (D:10)
  2 howler monkeys
  A hound (D:6)
  2 orc priests (D:6)
  A jelly (D:7)
  A gnoll bouda (D:6)
  2 iguanas (D:6)
  8 gnolls
  An orc (D:6)
  A kobold (D:7)
  20 fungi
  35 plants
130 creatures vanquished.

Grand Total: 379 creatures vanquished

Notes
Turn   | Place    | Note
-------+----------+-------------------------------------------
     0 | D:1      | mandoloar the Felid Summoner began the quest for the Orb.
     0 | D:1      | Reached XP level 1. HP: 7/7 MP: 4/4
   235 | D:1      | Reached XP level 2. HP: 12/12 MP: 3/6
   266 | D:1      | Learned a level 2 spell: Call Imp
   396 | D:1      | Reached skill level 3 in Dodging
  1180 | D:1      | Found a faded altar of an unknown god.
  1459 | D:2      | Reached skill level 1 in Fighting
  1459 | D:2      | Reached XP level 3. HP: 15/15 MP: 3/7
  1725 | D:2      | Learned a level 3 spell: Call Canine Familiar
  2398 | D:2      | Identified the +1 leather armour "Niuwicsuxeo" {rC+ rN+
                  | Will+ Dex+2}
  2603 | D:3      | Reached XP level 4. HP: 19/19 MP: 1/8
  3387 | D:4      | Reached XP level 5. HP: 22/22 MP: 2/10
  3575 | D:3      | Reached skill level 4 in Dodging
  3612 | D:3      | Learned a level 3 spell: Summon Guardian Golem
  3899 | D:4      | Reached skill level 1 in Hexes
  4028 | D:4      | Gained mutation: You are covered in thick fur. (AC +2)
                  | [Felid growth]
  4028 | D:4      | Reached XP level 6. HP: 26/26 MP: 5/11
  4180 | D:4      | Learned a level 2 spell: Blink
  4312 | D:4      | Found a shimmering altar of Xom.
  4434 | D:5      | Entered Level 5 of the Dungeon
  4467 | D:5      | Noticed Menkaure
  4478 | D:5      | Noticed Ijyb
  4516 | D:4      | HP: 1/26 [orc priest/nerve-wracking pain (14)]
  4519 | D:4      | Killed from afar by an orc priest
  4520 | D:4      | Reached XP level 5. HP: -15/22 MP: 2/10
  4802 | D:4      | Reached skill level 1 in Translocations
  4932 | D:5      | Reached XP level 6. HP: 27/27 MP: 8/11
  5101 | D:5      | Reached skill level 5 in Stealth
  5101 | D:5      | Reached skill level 5 in Summonings
  5135 | D:5      | Killed Ijyb
  5410 | D:5      | Reached skill level 5 in Dodging
  5485 | D:5      | Noticed Grinder
  5531 | D:5      | Killed Grinder
  5532 | D:5      | Reached XP level 7. HP: 28/31 MP: 6/13
  5565 | D:5      | Killed Menkaure
  5912 | D:5      | Noticed Sigmund
  5940 | D:5      | Reached XP level 8. HP: 35/35 MP: 8/15
  6013 | D:5      | Killed Sigmund
  6014 | D:5      | Reached skill level 6 in Dodging
  6670 | D:6      | Found a white marble altar of Elyvilon.
  6820 | D:6      | Reached skill level 5 in Hexes
  6840 | D:6      | Reached skill level 5 in Translocations
  7325 | D:6      | Reached XP level 9. HP: 35/39 MP: 2/17
  7501 | D:6      | Reached skill level 7 in Dodging
  7791 | D:6      | Found a hazy altar of Hepliaklqana.
  7805 | D:6      | Found a staircase to the Ecumenical Temple.
  7815 | Temple   | Entered the Ecumenical Temple
  7822 | Temple   | Became a worshipper of Gozag Ym Sagoz the Greedy
  7901 | D:6      | Reached skill level 5 in Spellcasting
  7999 | D:6      | Found Vapsiutwu's Assorted Antiques.
  8071 | D:6      | Found a faded altar of an unknown god.
  8071 | D:6      | Found the Hermit's Pendant {Faith Invo=14 Evo=0 MP+5}
  8797 | D:6      | Slain by a gnoll
  8798 | D:6      | Reached XP level 8. HP: -1/36 MP: 14/16
  8839 | D:6      | Reached skill level 5 in Fighting
  9423 | D:7      | Reached XP level 9. HP: 40/40 MP: 12/18
  9961 | D:7      | You fall into a shaft and drop 2 floors!
  9974 | D:8      | Found a bloodstained altar of Trog.
 10320 | D:8      | Reached skill level 8 in Dodging
 10978 | D:7      | Learned a level 4 spell: Summon Lightning Spire
 11459 | D:8      | Found a staircase to the Lair.
 11478 | D:8      | Noticed Pikel
 11499 | D:8      | Killed Pikel
 11688 | D:8      | Found a burning altar of Makhleb.
 11689 | D:8      | Noticed a nameless horror
 12310 | D:8      | Reached XP level 10. HP: 45/45 MP: 14/19
 14525 | D:10     | Entered Level 10 of the Dungeon
 14525 | D:10     | Noticed a two-headed ogre
 14822 | D:10     | Reached skill level 1 in Air Magic
 15033 | D:10     | Killed a two-headed ogre
 15034 | D:10     | Reached skill level 9 in Dodging
 15796 | D:10     | Found a staircase to the Orcish Mines.
 16048 | Lair:1   | Entered Level 1 of the Lair of Beasts
 16048 | Lair:1   | Noticed Joseph
 16186 | D:8      | Reached skill level 10 in Stealth
 16406 | D:8      | Reached XP level 11. HP: 43/49 MP: 8/21
 16515 | Lair:1   | Killed Joseph
 16556 | Lair:1   | Noticed Gastronok
 16581 | Lair:1   | Killed Gastronok
 16940 | Lair:1   | Noticed Erica
 16963 | Lair:1   | Killed Erica
 16964 | Lair:1   | Reached skill level 10 in Dodging
 17074 | Lair:1   | Found a basalt altar of Yredelemnul.
 17569 | Lair:1   | Reached skill level 10 in Hexes
 17976 | Lair:1   | Noticed Maggie
 17995 | Lair:1   | Killed Maggie
 18273 | Lair:2   | Noticed Amaemon
 18305 | Lair:2   | Killed Amaemon
 18654 | Lair:2   | Learned a level 6 spell: Summon Cactus Giant
 18845 | Lair:2   | Gained mutation: Your thick and shaggy fur keeps you warm.
                  | (AC +3, rC+) [Felid growth]
 18845 | Lair:2   | Reached XP level 12. HP: 55/55 MP: 18/24
 18898 | Lair:2   | Noticed a death yak
 18901 | Lair:2   | Noticed a death yak
 18902 | Lair:2   | Noticed a death yak
 18919 | Lair:2   | Noticed a death yak
 18919 | Lair:2   | Killed a death yak
 18925 | Lair:2   | Noticed a death yak
 18927 | Lair:2   | Noticed a death yak
 18939 | Lair:2   | Killed a death yak
 18941 | Lair:2   | Killed a death yak
 18942 | Lair:2   | Killed a death yak
 18943 | Lair:2   | Reached skill level 11 in Dodging
 18949 | Lair:2   | Killed a death yak
 19181 | Lair:2   | Killed a death yak
 19255 | Lair:2   | Found a hole to the Spider Nest.
 20491 | Lair:3   | Reached skill level 5 in Air Magic
 20909 | Lair:3   | Noticed a catoblepas
 20945 | Lair:3   | Noticed a catoblepas
 21195 | Lair:3   | Found a staircase to the Swamp.
 21289 | Lair:3   | Killed a catoblepas
 22244 | Lair:3   | Killed a catoblepas
 22893 | Lair:4   | Found a viscous altar of Jiyva.
 22893 | Lair:4   | Found a staircase to the Slime Pits.
 23032 | Lair:4   | Reached skill level 12 in Dodging
 23196 | Lair:4   | Noticed Nessos
 23211 | Lair:4   | Shot with an arrow by Nessos
 23212 | Lair:4   | Reached XP level 11. HP: -2/52 MP: 18/24
 23215 | Lair:4   | HP: 1/52 [poisoned by Nessos]
 23216 | Lair:4   | Succumbed to Nessos's poison

Illustrated notes

Levels and vault maps discovered:
D:1:      moated_graveyard_arrival, layout_basic,
          shapermc_ecumenical_altar_mp_ritualfount,
          nicolae_concentric_dashed_squares_mild, hangedman_decor_slide_cut,
          kennysheep_another_room, minmay_misc_feat_doors, st_stairs_5
D:2:      layout_loops_ring
D:3:      layout_rooms, serial_bayou_lake_a
D:4:      layout_cave_pools, kennysheep_little_box
D:5:      layout_cave_pools, minmay_manual_mail, uniq_sigmund, uniq_menkaure,
          uniq_ijyb, uniq_grinder
D:6:      layout_loops_cross, nicolae_overflow_hidden_temple, elyvilon_altar_4,
          minmay_temple_entry_glass, serial_shops, kennysheep_mini_moat,
          serial_co_window_serial, co_window_paths_a, co_window_paths_a,
          co_window_of_opportunity_a, co_window_corner_a, co_window_cross_1,
          co_window_of_opportunity_a, co_window_paths_b, co_window_corner_ca,
          co_window_broadway_b, co_window_2corner, co_window_paths_c,
          co_window_corner_cb, co_window_of_opportunity_c, glass_columns_c,
          hellmonk_guarded_unrand_hermit
D:7:      layout_basic, serial_corexii_hall, chequers_hall_statues_wall_a,
          corexii_hall_statues_s, chequers_hall_statues_y,
          chequers_hall_statues_wall_a, feat_on_display
D:8:      layout_rooms, dpeg_oklobed_lair, grunt_ogre_cave,
          hangedman_feature_mirror, hangedman_decor_push, uniq_pikel
D:9:      layout_loops_ring, enter_bailey_7, nicolae_elevator_lobby_plus
D:10:     layout_loops_ring, orc_0_dummy
Temple:   nicolae_temple_no_exploring_needed
Lair:1:   layout_hall_layers, basic_altar, st_stairs_13, lemuel_fruit_fields,
          uniq_gastronok, uniq_joseph, uniq_maggie, uniq_erica
Lair:2:   layout_cave_pods, spider_nest_entry_a, wad_woods_river_03,
          uniq_amaemon
Lair:3:   nzn_motion_control, layout_cellular_growth, minmay_swamp_entry_swarm
Lair:4:   layout_regular_city, slime_entry_1, gammafunk_ghost_hydra_chop,
          grunt_forest_stairs_clearing, uniq_nessos

Skill      XL: |  1  2  3  4  5  6  7  8  9 10 11 12 |
---------------+-------------------------------------+-----
Stealth        | 3 4 5 6 8 9 10 | 10.0
Dodging        | 3 4 5 6 8 9 10 12 | 12.0
Fighting       | 1 2 3 5 6 7 8 |  8.9
Spellcasting   | 3 4 5 6 7 8 |  8.5
Hexes          | 2 3 4 5 7 8 10 11 | 11.9
Translocations | 1 3 4 5 7 8 |  8.1
Summonings     | 5 6 7 8 9 |  9.9
Air Magic      | 2 4 5 |  5.7

Action                   |  1- 3 |  4- 6 |  7- 9 | 10-12 || total
-------------------------+-------+-------+-------+-------++-------
Melee: Unarmed           |       |       |       |     3 ||     3
 Cast: Summon Small Mamm |    24 |     8 |       |       ||    32
       Call Imp          |    25 |    23 |    15 |     6 ||    69
       Call Canine Famil |     4 |    36 |    81 |   101 ||   222
       Summon Guardian G |       |     1 |    59 |   101 ||   161
       Summon Lightning  |       |       |     7 |    79 ||    86
Evoke: Wand              |       |       |     2 |     1 ||     3
  Use: Scroll            |     6 |     3 |    10 |     6 ||    25
       Potion            |       |     1 |       |     3 ||     4
Armor: Skin              |     6 |       |     3 |     4 ||    13
Dodge: Dodged            |    32 |    42 |    81 |   133 ||   288
Block: Other             |    12 |    14 |    36 |    42 ||   104
       Reflection        |       |     1 |     8 |     5 ||    14

Table legend: (Time is in decaauts)
 A = Elapsed time spent in this place.
 B = Non-inter-level travel time spent in this place.
 C = Inter-level travel time spent in this place.
 D = Time resting spent in this place.
 E = Time spent auto-exploring this place.
 F = Levels seen in this place.
 G = Mean time per level.
                   A        B        C        D        E       F      G
               +--------+--------+--------+--------+--------+-----+--------+
         Total |  20934 |  20395 |    539 |   6586 |   8580 |  15 | 1395.6 |
       Dungeon |  14823 |  14360 |    463 |   4132 |   6279 |  10 | 1482.3 |
        Temple |     18 |     14 |      4 |      0 |      0 |   1 |   18.0 |
          Lair |   6093 |   6023 |     70 |   2453 |   2300 |   4 | 1523.2 |
               +--------+--------+--------+--------+--------+-----+--------+

Top non-repeatable levels by time:
     D:8: 2247 daAuts
     D:6: 1986 daAuts
  Lair:3: 1917 daAuts
     D:7: 1880 daAuts
  Lair:2: 1869 daAuts
  Lair:1: 1675 daAuts
     D:4: 1454 daAuts
     D:5: 1453 daAuts
     D:9: 1366 daAuts
    D:10: 1327 daAuts
     D:1: 1261 daAuts
     D:2: 954 daAuts
     D:3: 890 daAuts
  Lair:4: 631 daAuts
  Temple: 18 daAuts
